 Dungeon Sprint DCSS version 0.31-a0-875-g02e7d12df6 (webtiles) character file.

Game seed: 15869704658345952060

141 fozzywoppz the Ruffian (level 5, -1/55 HPs)
             Began as a Troll Fighter on Oct 13, 2023.
             Slain by an iguana (7 damage)
             ... in the Dungeon (Sprint IX: "|||||||||||||||||||||||||||||").
             The game lasted 00:00:36 (47 turns).

fozzywoppz the Ruffian (Troll Fighter)                Turns: 47, Time: 00:00:37

Health: -1/55      AC:  4    Str: 24    XL:     5   Next: 3%
Magic:  4/4        EV: 10    Int:  4    God:
Gold:   0          SH:  9    Dex: 11    Spells: 4/4 levels left

rFire   . .          .
                       - Unarmed
rCold   . . .        b - +0 kite shield
rNeg    . . .        a - +0 robe
rPois   .            (helmet restricted)
rElec   .            (no cloak)
rCorr   .            (gloves unavailable)
SInv    .            (boots unavailable)
Will    .....        (no amulet)
Stlth   +            (no ring)
HPRegen 1.09/turn    (no ring)
MPRegen 0.09/turn

%: no teleportation
@: no status effects
A: large, unfitting armour, claws 3, regeneration 1, shaggy fur 1, tough skin 1
a: no special abilities


You were in the Dungeon.
You visited 1 branch

Inventory:

Armour
 a - a +0 robe (worn)
 b - a +0 kite shield (worn)
Scrolls
 i - a scroll of blinking
Potions
 c - a potion of might
 d - a potion of curing
 e - a potion of heal wounds
 f - a potion of haste
 g - 2 potions of magic
 h - a potion of berserk rage


   Skills:
 + Level 4.8 Fighting
 - Level 5.0 Dodging
 - Level 5.0 Shields
 + Level 5.5 Unarmed Combat


You had 4 spell levels left.
You didn't know any spells.
Your spell library was empty.

Dungeon Overview and Level Annotations

Branches:
Dungeon (1/1)

Altars:


Innate Abilities, Weirdness & Mutations

You are too large for most types of armour.
You have claws for hands.
Your natural rate of healing is unusually fast.
You are covered in fur. (AC +1)
You have tough skin. (AC +1)


Message History

The howler monkey closely misses you. You block the howler monkey's attack.
You barely miss the howler monkey.
The howler monkey is almost dead.
You block the howler monkey's attack.
You claw the howler monkey!
You kill the howler monkey!
Your Fighting skill increases to level 4!
Your Dodging skill increases to level 4!
Your Shields skill increases to level 4!
Your Unarmed Combat skill increases to level 4!
You have reached level 4!
You claw the phantom!
The phantom is severely damaged.
You block the phantom's attack.
You claw the phantom!
You destroy the phantom!
Training target 5.0 for Shields reached!
Training target 5.0 for Dodging reached!
Your Dodging skill increases to level 5!
Your Shields skill increases to level 5!
Your Unarmed Combat skill increases to level 5!
You have reached level 5!
You closely miss the iguana. You block the iguana's attack.
You barely miss the iguana. You block the iguana's attack.
You claw the iguana!
The iguana is moderately wounded.
The iguana bites you.
* * * LOW HITPOINT WARNING * * *
You barely miss the iguana.
The iguana is moderately wounded.
The iguana bites you!
* * * LOW HITPOINT WARNING * * *
You scratch the iguana but do no damage.
The iguana is moderately wounded.
The iguana barely misses you.
Unknown command.
You scratch the iguana but do no damage.
The iguana is moderately wounded.
The iguana bites you!
You die... ▓▓▓▓▓▓▓▓▓▓▓▓▓▓▓▓▓▓ +.....l@...)†...<▓ ▓▓▓▓▓▓▓▓▓▓▓▓▓▓▓▓▓▓

You could see an iguana.

Vanquished Creatures
  A phantom (D)
  A howler monkey (D)
  An iguana (D)
  A dart slug (D)
  An endoplasm (D)
  A quokka (D)
  A bat (D)
  A goblin (D)
  A rat (D)
9 creatures vanquished.

Notes
Turn   | Place    | Note
-------+----------+-------------------------------------------
     0 | D        | fozzywoppz the Troll Fighter began the quest for the Orb.
     0 | D        | Reached XP level 1. HP: 22/22 MP: 0/0
    23 | D        | Noticed a phantom
    23 | D        | Noticed an iguana
    23 | D        | Noticed a howler monkey
    23 | D        | Noticed an iguana
    35 | D        | Killed an iguana
    36 | D        | Reached XP level 2. HP: 4/31 MP: 1/1
    36 | D        | Reached XP level 3. HP: 5/37 MP: 2/2
    40 | D        | Reached XP level 4. HP: 12/48 MP: 3/3
    41 | D        | Killed a phantom
    42 | D        | Reached skill level 5 in Dodging
    42 | D        | Reached skill level 5 in Shields
    42 | D        | Reached skill level 5 in Unarmed Combat
    42 | D        | Reached XP level 5. HP: 17/55 MP: 4/4
    47 | D        | Slain by an iguana

Illustrated notes

Levels and vault maps discovered:
D:        linesprint [early_d, line_temple, items_1, d_10, items_2, lair_1,
          lair_end, items_3, orc_1, orc_end, items_4, d_15, swamp_1, shoals_1,
          snake_1, spider_1, d_20, vaults_1, items_5, swamp_end, shoals_end,
          snake_end, spider_end, vaults_end, d_27, items_6, zot_1, zot_end,
          crypt_end, forest_end, elf_end, slime_end, tomb_end, abyss_end,
          pan_hell_end]

Skill      XL: |  1  2  3  4 |
---------------+-------------+-----
Shields        | 3 4 5 |  5.0
Fighting       | 3 4 |  4.8
Dodging        | 3 4 5 |  5.0
Unarmed Combat | 3 4 5 |  5.5

Action                     |  1- 3 |  4- 6 || total
---------------------------+-------+-------++-------
  Melee: Unarmed           |    26 |     8 ||    34
 Armour: Robe              |    12 |     3 ||    15
  Dodge: Dodged            |     4 |     1 ||     5
  Block: Kite shield       |     7 |     3 ||    10

Table legend: (Time is in decaauts)
 A = Elapsed time spent in this place.
 B = Non-inter-level travel time spent in this place.
 C = Inter-level travel time spent in this place.
 D = Time resting spent in this place.
 E = Time spent auto-exploring this place.
 F = Levels seen in this place.
 G = Mean time per level.
                   A        B        C        D        E       F      G
               +--------+--------+--------+--------+--------+-----+--------+
         Total |     48 |     48 |      0 |      0 |      0 |   1 |   48.0 |
       Dungeon |     48 |     48 |      0 |      0 |      0 |   1 |   48.0 |
               +--------+--------+--------+--------+--------+-----+--------+

Top non-repeatable levels by time:
       D: 48 daAuts
